 Dungeon Crawl Stone Soup version 0.31-a0-145-g046c7d2549 (webtiles) character file.

Game seed: 7617108389049997236

1854 qw the Skirmisher (level 8, -4/70 HPs)
             Began as a Minotaur Hunter on June 6, 2023.
             Was a Follower of Okawaru.
             Slain by Edmund
             ... wielding a +2 heavy dire flail
              (19 damage)
             ... on level 6 of the Dungeon.
             The game lasted 00:02:06 (5212 turns).

qw the Skirmisher (Minotaur Hunter)                 Turns: 5212, Time: 00:02:06

Health: -4/70      AC:  5    Str: 15    XL:     8   Next: 89%
Magic:  9/10       EV: 17    Int:  6    God:    Okawaru [*.....]
Gold:   21         SH:  0    Dex: 17    Spells: 7/7 levels left

rFire   . . .        Y - +1 shortbow
rCold   . . .        (shield currently unavailable)
rNeg    . . .        d - +0 robe {Will+}
rPois   .            (helmet restricted)
rElec   .            b - +0 cloak
rCorr   .            m - +0 pair of gloves
SInv    .            (no boots)
Will    +....        (no amulet)
Stlth   +++          (no ring)
HPRegen 0.31/turn    (no ring)
MPRegen 0.12/turn

%: no passive effects
@: heroic
A: horns 2, retaliatory headbutt
a: Renounce Religion, Heroism


You were on level 6 of the Dungeon.
You worshipped Okawaru.
Okawaru was aware of your devotion.
You visited 2 branches of the dungeon, and saw 7 of its levels.

You collected 282 gold pieces.
You spent 261 gold pieces at shops.


Innate Abilities, Weirdness & Mutations

You have a pair of horns on your head.
You reflexively headbutt those who attack you in melee.


   Skills:
 + Level 6.1(11.1) Fighting
 - Level 10.3(15.3) Ranged Weapons
 - Level 3.4(8.4) Armour
 - Level 4.0(9.0) Dodging
 - Level 0.7(5.7) Stealth
 - Level 4.0 Invocations


You had 7 spell levels left.
You didn't know any spells.
Your spell library was empty.

Inventory:

Hand Weapons
 Y - a +1 shortbow (weapon)
Armour
 a - a +0 ring mail
 b - a +0 cloak (worn)
 c - the +6 ring mail "Dyzxa" {Contam rN+ Dex+2}
   (You found it on level 6 of the Dungeon)

   Dex:       It affects your dexterity (+2).
   rN:        It protects you from negative energy.
   Contam:    It causes magical contamination when unequipped.
 d - a +0 robe of willpower (worn)
 f - the +2 cloak of the Thief {*Fog Slay-2 SInv Stlth+}
   (You bought it in a shop on level 6 of the Dungeon)

   *Fog:      It may release a thick cloud of smoke when the wearer is hurt.
   Slay:      It affects your accuracy & damage with ranged weapons and melee
   (-2).
   SInv:      It lets you see invisible.
   Stlth:     It makes you more stealthy.
 m - a +0 pair of gloves (worn)
Jewellery
 j - a ring of magical power
Scrolls
 e - a scroll of identify
 g - 2 scrolls of teleportation
Potions
 h - a potion of curing
 i - a potion of invisibility
 n - a potion of might

Dungeon Overview and Level Annotations

Branches:
Dungeon (6/15)             Temple (1/1) D:4

Altars:
Ashenzari
Cheibriados
Elyvilon
Gozag
Makhleb
Okawaru
Qazlal
Trog
Uskayaw
Vehumet
Wu Jian
Zin
The Shining One

Shops:
D:1 *   D:6 [[

Annotations:
D:5 1 runed translucent door, qw's ghost, amateur GrFi
D:6 Edmund


Message History

Enter note:
Enter note:
Enter note:
Enter note:
Enter note:
Enter note:
Enter note:
Enter note:
Enter note:
5194 ||| INVOKING Heroism.
You gain the combat prowess of a mighty hero.
Edmund is nearby!
You shoot an arrow. The arrow completely misses Edmund.
You shoot an arrow.
The arrow hits Edmund but does no damage.
You shoot an arrow. The arrow hits Edmund.
Edmund is lightly wounded.
Edmund drinks a potion.
Edmund flickers and vanishes!
Deactivating autopickup; reactivate with Ctrl-A.
You shoot an arrow. You shoot an arrow. You shoot an arrow.
Something barely misses you.
You shoot an arrow. You shoot an arrow. Something hits you!
You shoot an arrow. You shoot an arrow. Something hits you!
You shoot an arrow. You shoot an arrow. You shoot an arrow. Something hits you!
You shoot an arrow. You shoot an arrow. Something hits you!!
You shoot an arrow. You shoot an arrow. Something hits you!!
You die...

.# #.###.#######..###.#
.# #.###.##...........#
.#####.#........P.####..#
.......#.#.....PPP#..# .#
.####......#..#####..# #
.# #.##.#.#..#......#..#
.# #.##.#.#..#...##.#..#
## ####.#.#..##{##..#.)#
7777777#.#.#..#.@#[..#..#
..?...7#......#..##..#..#
\.}.}.7###....#......#..#
..............#..#.....#
~~.~~~~~~~~~#.#..#.....#
~~.~~~~~~~~~#.#~~#...#.#
..............####...#.#
8.8.\.7##...#.#..#...#.#
...)..7 ##..#.#.)#...#.#


There were no monsters in sight!

Vanquished Creatures
  Prince Ribbit (D:6)
  Sigmund (D:6)
  A water moccasin (D:6)
  A black bear (D:4)
  An ice beast (D:6)
  3 ogres
  4 scorpions
  A howler monkey (D:5)
  An orc priest (D:6)
  A jelly (D:6)
  A gnoll bouda (D:5)
  5 hounds
  An iguana (D:4)
  Ijyb (D:3)
  3 orc wizards
  11 gnolls (D:5)
  10 adders
  A shadow imp (D:6)
  2 white imps
  An ufetubus (D:6)
  4 dart slugs
  3 worms (D:2)
  14 orcs
  5 ball pythons
  3 endoplasms
  3 giant cockroaches
  4 goblins
  7 hobgoblins
  5 jackals
  5 quokkas
  4 bats
  6 kobolds
  4 rats
118 creatures vanquished.

Notes
Turn   | Place    | Note
-------+----------+-------------------------------------------
     0 | D:1      | qw the Minotaur Hunter began the quest for the Orb.
     0 | D:1      | Reached XP level 1. HP: 18/18 MP: 0/0
     0 | D:1      | 0 ||| qw: Version: 0.2-a-117-gc6b5c8b
     0 | D:1      | 0 ||| qw: Game counter: 2400
     0 | D:1      | 0 ||| qw: Always use a shield: true
     0 | D:1      | 0 ||| qw: God list: Okawaru
     0 | D:1      | 0 ||| qw: Allow faded altars: false
     0 | D:1      | 0 ||| qw: Do Orc after D:15 true
     0 | D:1      | 0 ||| qw: Do second Lair branch before Depths: true
     0 | D:1      | 0 ||| qw: Lair rune preference: random
     0 | D:1      | 0 ||| qw: Plans: Normal
     0 | D:1      | 0 ||| PLANNING D:1-11
   149 | D:1      | Found a faded altar of an unknown god.
   246 | D:1      | Reached XP level 2. HP: 25/25 MP: 1/1
   383 | D:1      | Reached skill level 5 in Ranged Weapons
   494 | D:1      | Found Suzxi's Assorted Antiques.
   503 | D:1      | 503 ||| SHOPLISTING bubbling clear potion (25 gold, have
                  | 8).
   503 | D:1      | 503 ||| SHOPLISTING bubbling ruby potion (25 gold, have 8).
   503 | D:1      | 503 ||| SHOPLISTING lumpy cyan potion (25 gold, have 8).
   503 | D:1      | 503 ||| SHOPLISTING scroll labelled RAXANU MYGADGH (28
                  | gold, have 8).
   503 | D:1      | 503 ||| SHOPLISTING scroll labelled SIUNU COME (28 gold,
                  | have 8).
   503 | D:1      | 503 ||| SHOPLISTING yellow potion (25 gold, have 8).
   907 | D:1      | 907 ||| READING scroll labelled GOKOASHIORA.
   908 | D:1      | 908 ||| READING scroll labelled RAXANU MYGADGH.
   909 | D:1      | 909 ||| READING scroll labelled CIENUGR DUIPO.
   910 | D:1      | 910 ||| READING scroll labelled JYFFUTHR ZAEKH.
   911 | D:1      | 911 ||| READING scroll labelled BUUNER ZIRCHYOQ.
   914 | D:1      | 914 ||| DROPPING scroll of butterflies.
   938 | D:2      | Reached skill level 3 in Fighting
  1059 | D:2      | Reached XP level 3. HP: 27/31 MP: 2/2
  1294 | D:2      | Reached skill level 6 in Ranged Weapons
  1294 | D:2      | Reached XP level 4. HP: 38/38 MP: 3/3
  1845 | D:2      | 1845 ||| UPGRADING to +0 cloak.
  1850 | D:2      | 1850 ||| UPGRADING to +0 robe of willpower.
  1860 | D:2      | 1860 ||| READING scroll labelled PAYGEE XUWUNIF.
  1861 | D:2      | 1861 ||| READING 2 scrolls labelled SIUNU COME.
  1862 | D:2      | 1862 ||| READING scroll labelled OTUHASITIU.
  1997 | D:3      | Noticed Ijyb
  2038 | D:3      | Killed Ijyb
  2279 | D:3      | You fall into a shaft and drop 1 floor!
  2304 | D:4      | Reached XP level 5. HP: 45/46 MP: 4/4
  2308 | D:4      | 2308 ||| DROPPING +0 leather armour.
  2314 | D:4      | 2314 ||| UPGRADING to +0 pair of gloves.
  2319 | D:4      | 2319 ||| READING scroll labelled LAR VEGIBB.
  2320 | D:4      | 2320 ||| DRINKING 2 lumpy cyan potions.
  2321 | D:4      | 2321 ||| DRINKING 2 silvery potions.
  2322 | D:4      | 2322 ||| READING 2 scrolls of identify.
  2322 | D:4      | 2322 ||| IDENTIFYING bubbling clear potion
  2323 | D:4      | 2323 ||| DROPPING potion of attraction.
  2563 | D:4      | Noticed a black bear
  2576 | D:4      | HP: 9/46 [black bear (6)]
  2577 | D:4      | 2577 ||| READING 2 scrolls of teleportation.
  2577 | D:4      | HP: 3/46 [black bear (6)]
  2577 | D:4      | HP: 1/46 [black bear (2)]
  2578 | D:4      | 2578 ||| DRINKING potion of heal wounds.
  2581 | D:4      | Killed a black bear
  2582 | D:4      | Reached skill level 3 in Armour
  2730 | D:4      | Reached XP level 6. HP: 52/52 MP: 5/5
  2820 | D:4      | Found a staircase to the Ecumenical Temple.
  2821 | D:4      | 2821 ||| PLANNING TEMPLE
  2821 | D:4      | 2821 ||| DROPPING +6 ring of intelligence.
  2822 | D:4      | 2822 ||| DRINKING 2 orange potions.
  2832 | Temple   | Entered the Ecumenical Temple
  2834 | Temple   | 2834 ||| PLANNING OKAWARU WORSHIP
  2885 | Temple   | Became a worshipper of Warmaster Okawaru
  2885 | Temple   | 2885 ||| PLANNING D:1-11
  2970 | D:4      | Found a bloodstained altar of Trog.
  3136 | D:4      | 3136 ||| READING scroll labelled ZYLAZE PEASH.
  3237 | D:4      | 3237 ||| READING 3 scrolls of identify.
  3237 | D:4      | 3237 ||| IDENTIFYING sapphire potion
  3238 | D:4      | 3238 ||| READING 2 scrolls of identify.
  3238 | D:4      | 3238 ||| IDENTIFYING blue potion
  3239 | D:4      | 3239 ||| DROPPING potion of lignification.
  3240 | D:4      | 3240 ||| DROPPING potion of berserk rage.
  3262 | D:5      | Entered Level 5 of the Dungeon
  3317 | D:5      | 3317 ||| DRINKING potion of curing.
  3317 | D:5      | 3317 ||| (to cure confusion)
  3320 | D:5      | Reached skill level 7 in Ranged Weapons
  3332 | D:5      | Reached skill level 3 in Dodging
  3351 | D:5      | HP: 12/52 [gnoll/+0 club (6)]
  3352 | D:5      | 3352 ||| READING 3 scrolls of teleportation.
  3353 | D:5      | 3353 ||| DRINKING potion of heal wounds.
  3366 | D:5      | Reached XP level 7. HP: 47/59 MP: 6/6
  3423 | D:5      | Reached * piety under Okawaru
  3455 | D:5      | Reached skill level 8 in Ranged Weapons
  3455 | D:5      | Reached skill level 1 in Invocations
  3462 | D:5      | 3462 ||| INVOKING Heroism.
  3602 | D:5      | Found a snail-covered altar of Cheibriados.
  3695 | D:5      | 3695 ||| INVOKING Heroism.
  3768 | D:5      | 3768 ||| FLEEEEING.
  3769 | D:5      | 3769 ||| FLEEEEING.
  3770 | D:5      | 3770 ||| FLEEEEING.
  3771 | D:5      | 3771 ||| FLEEEEING.
  3774 | D:5      | 3774 ||| FLEEEEING.
  3775 | D:5      | 3775 ||| FLEEEEING.
  3776 | D:5      | 3776 ||| FLEEEEING.
  3780 | D:5      | 3780 ||| INVOKING Heroism.
  3792 | D:5      | Reached skill level 3 in Invocations
  3832 | D:5      | Found a runed translucent door.
  3833 | D:5      | Noticed qw's ghost (amateur GrFi)
  3898 | D:5      | Found an ornate altar of the Wu Jian Council.
  3958 | D:5      | Found a burning altar of Makhleb.
  4107 | D:5      | 4107 ||| READING scroll labelled EDIOSOGASU.
  4108 | D:5      | 4108 ||| READING scroll labelled TOLIEFR ESAGG.
  4110 | D:5      | 4110 ||| Stepping ~*~*~tactically~*~*~ (cloud).
  4227 | D:6      | 4227 ||| PLANNING SEWER
  4264 | D:6      | 4264 ||| INVOKING Heroism.
  4304 | D:6      | Reached XP level 8. HP: 68/68 MP: 9/9
  4326 | D:6      | 4326 ||| INVOKING Heroism.
  4404 | D:6      | Identified the +6 ring mail "Dyzxa" {Contam rN+ Dex+2}
  4502 | D:6      | 4502 ||| INVOKING Heroism.
  4508 | D:6      | Reached skill level 9 in Ranged Weapons
  4538 | D:6      | Found Cuam's Armour Shoppe.
  4549 | D:6      | Reached skill level 6 in Fighting
  4596 | D:6      | Found Afabik's Antique Armour Boutique.
  4600 | D:6      | 4600 ||| BUYING +2 cloak of the Thief {*Fog Slay-2 SInv
                  | Stlth+} (261 gold).
  4600 | D:6      | Bought the +2 cloak of the Thief {*Fog Slay-2 SInv Stlth+}
                  | for 261 gold pieces
  4600 | D:6      | Found the +2 cloak of the Thief {*Fog Slay-2 SInv Stlth+}
  4600 | D:6      | 4600 ||| SHOPLISTING +2 pair of gloves (214 gold, have 21).
  4793 | D:6      | 4793 ||| INVOKING Heroism.
  4889 | D:6      | 4889 ||| RIP SEWER
  4914 | D:6      | 4914 ||| PLANNING D:1-11
  5104 | D:6      | Noticed Prince Ribbit
  5105 | D:6      | 5105 ||| INVOKING Heroism.
  5112 | D:6      | Killed Prince Ribbit
  5153 | D:6      | Identified the +5 flail of Beogh's Condemnation {drain,
                  | Str+2}
  5155 | D:6      | Noticed Sigmund
  5156 | D:6      | 5156 ||| INVOKING Heroism.
  5164 | D:6      | Killed Sigmund
  5165 | D:6      | Reached skill level 10 in Ranged Weapons
  5193 | D:6      | Noticed Edmund
  5194 | D:6      | 5194 ||| INVOKING Heroism.
  5210 | D:6      | HP: 15/70 [something (18)]
  5212 | D:6      | Slain by Edmund

Levels and vault maps discovered:
D:1:      dpeg_arrival_signposts, layout_loops_corners, serial_shops,
          nicolae_lakefront_shop, dreamdust_ecumenical_altar_grove
D:2:      wad_lake_hut, layout_basic
D:3:      layout_rooms, kennysheep_generic_room_13, uniq_ijyb
D:4:      layout_rooms, nicolae_overflow_crystal_walls,
          minmay_temple_entry_mini_moons, serial_bayou_pond_c
D:5:      layout_rooms, nzn_wu_jian_council_hall, lightli_temple_of_fire,
          lemuel_round_altar, gammafunk_ghost_grave
D:6:      layout_loops_ring, gup_sewer_entry_pipe, nicolae_wooded_promenade,
          sigmund_edmund_badplayer, uniq_prince_ribbit1
Temple:   nicolae_temple_ecumenical_triangle

Skill      XL: |  1  2  3  4  5  6  7  8 |
---------------+-------------------------+-----
Ranged Weapons | 5 6 7 8 10 | 10.3
Fighting       | 3 4 5 6 |  6.1
Armour         | 3 |  3.4
Dodging        | 3 4 |  4.0
Invocations    | 3 4 |  4.0
Stealth        | |  0.7

Action                     |  1- 3 |  4- 6 |  7- 9 || total
---------------------------+-------+-------+-------++-------
   Fire: Shortbow          |    86 |   178 |   202 ||   466
 Invoke: Heroism           |       |       |    10 ||    10
    Use: Scroll            |     5 |    10 |     2 ||    17
         Potion            |       |     6 |       ||     6
 Armour: Leather armour    |    11 |       |       ||    11
         Robe              |       |    16 |    16 ||    32
  Dodge: Dodged            |    20 |    75 |    41 ||   136

Table legend:
 A = Non-vault XP
 B = Vault XP
 C = Vault XP percentage of total XP
 D = Non-vault monster count
 E = Vault monster count
 F = Vault count percentage of total count
                 A         B        C        D         E       F
            +---------+---------+-------+---------+---------+-------
      Total |    2103 |     546 |  20.6 |     108 |      10 |   8.5
            +---------+---------+-------+---------+---------+-------
        D:1 |      28 |       0 |   0.0 |      17 |       0 |   0.0
        D:2 |     111 |       0 |   0.0 |      23 |       0 |   0.0
        D:3 |      16 |      38 |  70.4 |       7 |       2 |  22.2
        D:4 |     245 |       0 |   0.0 |      13 |       0 |   0.0
        D:5 |     870 |       0 |   0.0 |      29 |       0 |   0.0
        D:6 |     833 |     508 |  37.9 |      19 |       8 |  29.6
            +---------+---------+-------+---------+---------+-------
